 Dungeon Crawl Stone Soup version 0.30-a0-54-g2e61a25929 (webtiles) character file.

Game seed: 17205769650210059906

261 IdlyInterested the Cudgeller (level 5, -20/41 HPs)
             Began as a Demonspawn Gladiator on Sept 7, 2022.
             Demolished by an ogre
             ... wielding a +0 giant club
              (27 damage)
             ... on level 4 of the Dungeon.
             The game lasted 00:09:01 (4511 turns).

IdlyInterested the Cudgeller (Demonspawn Gladiator) Turns: 4511, Time: 00:09:01

Health: -20/41     AC: 11    Str: 17    XL:     5   Next: 96%
Magic:  5/5        EV:  9    Int:  9    God:
Gold:   170        SH:  0    Dex: 14    Spells: 4/4 levels left

rFire   . . .      SeeInvis .    b - +1 flail (venom)
rCold   . . .      Faith    .    (no shield)
rNeg    . . .      Spirit   .    v - +0 chain mail
rPois   .          Reflect  .    c - +0 helmet
rElec   .          Harm     .    (no cloak)
rCorr   .          Rampage  .    g - +0 pair of gloves
Will    .....                    (no boots)
Stlth   ..........               (no amulet)
HPRegen 0.13/turn                (no ring)
MPRegen 0.18/turn                (no ring)

@: no status effects
A: magic regeneration, sturdy frame 1
a: no special abilities


You were on level 4 of the Dungeon.
You visited 1 branch of the dungeon, and saw 4 of its levels.

You collected 170 gold pieces.

Inventory:

Hand Weapons
 a - a +0 flail
 b - a +1 flail of venom (weapon)
Missiles
 d - 4 throwing nets
 e - a javelin
 h - 3 poisoned darts (quivered)
 n - 4 silver javelins
Armour
 c - a +0 helmet (worn)
 g - a +0 pair of gloves (worn)
 m - an orb of energy
 v - a +0 chain mail (worn)
Scrolls
 f - 2 scrolls of enchant armour
 j - 2 scrolls of vulnerability
 k - a scroll of identify
 x - 3 scrolls of teleportation
Potions
 i - a potion of ambrosia
 l - 2 potions of curing {unknown}
 o - a potion of heal wounds
 p - a potion of might
 u - a potion of haste


   Skills:
 + Level 3.1 Fighting
 * Level 4.1 Maces & Flails
 - Level 2.0 Throwing
 * Level 2.8 Armour
 - Level 3.0 Dodging
 + Level 1.3 Stealth


You had 4 spell levels left.
You didn't know any spells.
Your spell library contained the following spells:

 Spells                   Type           Power      Damage    Failure   Level
 Apportation              Tloc           0%         N/A       97%         1
 Conjure Flame            Conj/Fire      0%         6-21      100%        3
 Ignite Poison            Fire/Tmut/Pois 0%         N/A       100%        3
 Hailstorm                Conj/Ice       0%         3d3       100%        4
 Ice Form                 Ice/Tmut       0%         N/A       100%        4
 Sticky Flame             Conj/Fire      0%         2d3       100%        4
 Alistair's Intoxication  Tmut/Pois      0%         N/A       100%        5
 Fireball                 Conj/Fire      0%         3d3       100%        5
 Iskenderun's Battlesphe  Conj           0%         2d6       100%        5
 Conjure Ball Lightning   Conj/Air       0%         3x3d6     100%        6
 Simulacrum               Ice/Necr       0%         N/A       100%        6
 Orb of Destruction       Conj           0%         9d5       100%        7


Dungeon Overview and Level Annotations

Branches:
Dungeon (4/15)
 Temple: D:4-7

Altars:


Innate Abilities, Weirdness & Mutations

You regenerate magic rapidly.
Your movements are slightly less encumbered by armour. (ER -2)


Message History

You hit the kobold.
The kobold is poisoned.
The kobold is severely wounded.
You kill the kobold!
You barely miss the endoplasm. The endoplasm barely misses you.
You thump the endoplasm!
You kill the endoplasm!
Things that are here:
a +0 short sword; a kobold corpse; an adder corpse
x - 3 scrolls of teleportation (gained 1)
There is a stone staircase leading up here.
You climb upwards.
There is a stone staircase leading down here.
There is a stone staircase leading down here.
You climb downwards.
The iguana hisses angrily.
The ogre shouts!
Found 22 gold pieces.
There is a stone staircase leading up here.
You hit the iguana.
The iguana is lightly wounded.
The iguana bites you.
You closely miss the iguana.
The iguana is lightly wounded.
The iguana bites you.
A dart slug comes into view.
The iguana bites you!
You closely miss the iguana.
The iguana is lightly wounded.
The iguana bites you.
You sock the ogre!
The ogre is poisoned.
The ogre is moderately wounded.
The iguana misses you.
The ogre hits you with a +0 giant club!!
* * * LOW HITPOINT WARNING * * *
Unknown command.
You closely miss the ogre.
The ogre is heavily wounded.
The iguana barely misses you.
The ogre hits you with a +0 giant club!!
Ouch! That really hurt!
You die...

# #. # ... .##
.... ##.######.
#..#..$......
..#...$.O......
#.....@l..w...
##.##.###.....
#. ##. #. #. ..
#. #.


You could see an ogre (very poisoned), an iguana and a dart slug.

Vanquished Creatures
  A phantom (D:3)
  Robin (D:3)
  8 adders
  3 worms
  2 dart slugs
  7 orcs (D:3)
  7 ball pythons
  6 bats
  5 endoplasms
  3 giant cockroaches
  14 goblins
  8 hobgoblins
  2 quokkas
  3 frilled lizards
  7 kobolds
  7 rats
84 creatures vanquished.

Notes
Turn   | Place    | Note
-------+----------+-------------------------------------------
     0 | D:1      | IdlyInterested the Demonspawn Gladiator began the quest for
                  | the Orb.
     0 | D:1      | Reached XP level 1. HP: 16/16 MP: 1/1
   507 | D:1      | Found a faded altar of an unknown god.
   533 | D:1      | Gained mutation: Your movements are slightly less
                  | encumbered by armour. (ER -2) [demonic ancestry]
   533 | D:1      | Reached XP level 2. HP: 21/22 MP: 2/2
   628 | D:1      | Reached skill level 3 in Maces & Flails
  1102 | D:1      | Reached skill level 1 in Armour
  1755 | D:2      | Reached XP level 3. HP: 27/27 MP: 3/3
  2363 | D:2      | Gained mutation: You regenerate magic rapidly. [demonic
                  | ancestry]
  2363 | D:2      | Reached XP level 4. HP: 34/34 MP: 4/4
  3020 | D:3      | Noticed a phantom
  3036 | D:3      | Killed a phantom
  3037 | D:3      | Reached XP level 5. HP: 24/40 MP: 5/5
  3232 | D:3      | Noticed Robin
  3257 | D:3      | Reached skill level 1 in Stealth
  3344 | D:3      | Killed Robin
  3345 | D:3      | Reached skill level 4 in Maces & Flails
  4505 | D:4      | Noticed an ogre
  4511 | D:4      | Demolished by an ogre

Illustrated notes

Levels and vault maps discovered:
D:1:      evilmike_arrival_rings, layout_basic,
          dreamdust_ecumenical_altar_angels_and_demons
D:2:      layout_loops_ring
D:3:      layout_basic, uniq_robin
D:4:      layout_loops_ring, gammafunk_ghost_cemetery, uniq_grinder

Skill      XL: |  1  2  3  4  5 |
---------------+----------------+-----
Maces & Flails | 3 4 |  4.1
Throwing       | 2 |  2.0
Armour         | 1 2 |  2.8
Dodging        | 3 |  3.0
Stealth        | 1 |  1.3
Fighting       | 3 |  3.1

Action                   |  1- 3 |  4- 6 || total
-------------------------+-------+-------++-------
Melee: Flail             |   121 |   147 ||   268
       Punch             |       |     4 ||     4
Throw: Dart              |       |     3 ||     3
  Use: Scroll            |     5 |     8 ||    13
 Stab: Sleeping          |     2 |       ||     2
Armor: Leather armour    |    21 |       ||    21
       Ring mail         |    33 |     8 ||    41
       Chain mail        |       |    66 ||    66
Dodge: Dodged            |    76 |    77 ||   153

Table legend: (Time is in decaauts)
 A = Elapsed time spent in this place.
 B = Non-inter-level travel time spent in this place.
 C = Inter-level travel time spent in this place.
 D = Time resting spent in this place.
 E = Time spent auto-exploring this place.
 F = Levels seen in this place.
 G = Mean time per level.
                   A        B        C        D        E       F      G
               +--------+--------+--------+--------+--------+-----+--------+
         Total |   4572 |   4164 |    408 |    853 |   2439 |   4 | 1143.0 |
       Dungeon |   4572 |   4164 |    408 |    853 |   2439 |   4 | 1143.0 |
               +--------+--------+--------+--------+--------+-----+--------+

Top non-repeatable levels by time:
     D:1: 1897 daAuts
     D:3: 1633 daAuts
     D:2: 1007 daAuts
     D:4: 34 daAuts
